 Dungeon Crawl Stone Soup version 0.31-a0-277-g31ea1f6 (webtiles) character file.

Game seed: 15791548250055000180

135 Dawnplanks the Changeling (level 4, -3/42 HPs)
             Began as a Troll Shapeshifter on July 15, 2023.
             Killed by divine providence
             ... invoked by an orc priest
              (12 damage)
             ... on level 3 of the Dungeon.
             The game lasted 00:02:58 (1536 turns).

Dawnplanks the Changeling (Troll Shapeshifter)      Turns: 1536, Time: 00:02:59

Health: -3/42      AC:  4    Str: 25    XL:     4   Next: 97%
Magic:  3/3        EV: 10    Int:  4    God:
Gold:   185        SH:  0    Dex: 10    Spells: 3/3 levels left

rFire   . .          .
                       - Unarmed
rCold   . . .        (no shield)
rNeg    . . .        a - +0 animal skin
rPois   .            (helmet currently unavailable)
rElec   .            (cloak currently unavailable)
rCorr   .            (gloves unavailable)
SInv    .            (boots unavailable)
Will    .....        (no amulet)
Stlth   +            (no ring)
HPRegen 1.07/turn    (no ring)
MPRegen 0.08/turn

%: no passive effects
@: beast-form
A: beast (slay +2), large, unfitting armour, claws 3, regeneration 1, shaggy fur
1, tough skin 1
a: Begin Untransformation


You were on level 3 of the Dungeon.
You were a hulking beast.
You visited 1 branch of the dungeon, and saw 3 of its levels.

You collected 185 gold pieces.

Inventory:

Armour
 a - a +0 animal skin (worn)
Jewellery
 h - a ring of ice
Talismans
 c - a beast talisman
Scrolls
 f - 3 scrolls of enchant weapon {unknown}
 g - 3 scrolls of blinking {unknown}
 k - a scroll of noise {unknown}
Potions
 b - 2 potions of lignification
 d - a potion of berserk rage {unknown}
 e - 2 potions of heal wounds {unknown}
 i - a potion of ambrosia {unknown}
 j - a potion of mutation {unknown}
 l - a potion of attraction {unknown}


   Skills:
 + Level 2.1 Fighting
 + Level 2.0 Dodging
 + Level 0.1 Stealth
 + Level 3.5 Unarmed Combat
 + Level 3.8 Shapeshifting


You had 3 spell levels left.
You didn't know any spells.
Your spell library contained the following spells:

 Spells                   Type           Power      Damage    Failure   Level
 Gell's Gravitas          Tloc           0%         N/A       86%         3
 Portal Projectile        Hex/Tloc       0%         N/A       86%         3
 Teleport Other           Tloc           0%         N/A       86%         3
 Tukima's Dance           Hex            0%         N/A       86%         3
 Iskenderun's Mystic Bla  Conj/Tloc      0%         2d3       99%         4
 Dispersal                Tloc           0%         N/A       100%        6


Dungeon Overview and Level Annotations

Branches:
Dungeon (3/15)

Altars:
Cheibriados
Zin
The Shining One


Innate Abilities, Weirdness & Mutations

You are a hulking beast.
Your limbs bulge with bestial killing power. (Slay +2)
You are too large for most types of armour.
You have claws for hands.
Your natural rate of healing is unusually fast.
You are covered in fur. (AC +1)
You have tough skin. (AC +1)


Message History

Things that are here:
a +0 short sword of venom; a +0 war axe You completely miss the orc priest.
You feel sick.
The orc priest invokes the aid of Beogh against you.
Beogh smites you!
* * * LOW HITPOINT WARNING * * *
You are too injured to fight recklessly!
You are too injured to fight recklessly!
You are too injured to fight recklessly!
You are too injured to fight recklessly!
You are too injured to fight recklessly!
You are too injured to fight recklessly!
You are too injured to fight recklessly!
You are too injured to fight recklessly!
You are too injured to fight recklessly!
You are too injured to fight recklessly!
You are too injured to fight recklessly!
You are too injured to fight recklessly!
You are too injured to fight recklessly!
You are too injured to fight recklessly!
You are too injured to fight recklessly!
You are too injured to fight recklessly!
You scratch the orc priest.
The orc priest is lightly wounded.
You feel sick.
The orc priest hits you with a +0 hand axe.
* * * LOW HITPOINT WARNING * * *
You scratch the orc priest.
The orc priest is moderately wounded.
You feel sick. The orc priest closely misses you.
You closely miss the orc priest.
The orc priest is moderately wounded.
You feel sick.
You are no longer poisoned.
The orc priest closely misses you.
You claw the orc priest!
The orc priest is almost dead.
The orc priest mumbles some strange prayers to Beogh against you.
Beogh smites you!
You die...

##..........
.>........ #........
#....... #...w.. # #
#..... .#.#.#.##o#
#.#.#.#.##h########
#.#..............(.
##.###.#.###.######.
#####............#
##..........#.########
......................
#..........##.#######.
##.........##........)
#.........##..######.


You could see an orc priest and a dart slug.

Vanquished Creatures
  4 gnolls
  2 adders
  A dart slug (D:3)
  7 orcs (D:3)
  8 ball pythons
  3 endoplasms
  A giant cockroach (D:1)
  12 hobgoblins
  4 jackals (D:1)
  A quokka (D:3)
  5 bats
  2 frilled lizards (D:1)
  9 goblins
  5 kobolds
  A rat (D:1)
65 creatures vanquished.

Notes
Turn   | Place    | Note
-------+----------+-------------------------------------------
     0 | D:1      | Dawnplanks the Troll Shapeshifter began the quest for the
                  | Orb.
     0 | D:1      | Reached XP level 1. HP: 19/19 MP: 0/0
    69 | D:1      | Reached XP level 2. HP: 28/28 MP: 1/1
   397 | D:1      | Reached XP level 3. HP: 35/35 MP: 2/2
   805 | D:2      | Reached XP level 4. HP: 31/42 MP: 3/3
  1375 | D:3      | Found a glowing silver altar of Zin.
  1377 | D:3      | Found a snail-covered altar of Cheibriados.
  1377 | D:3      | Found a glowing golden altar of the Shining One.
  1536 | D:3      | Killed from afar by an orc priest

Illustrated notes

Levels and vault maps discovered:
D:1:      moated_graveyard_arrival, layout_loops_ring,
          nicolae_concentric_dashed_squares_wild
D:2:      minmay_evil_eye, layout_rooms, serial_aquarium,
          aquarium_bridge_long_separate [aquarium_subvault_wall,
          aquarium_subvault_bridge, aquarium_subvault_window,
          aquarium_subvault_bridge, aquarium_subvault_wall,
          aquarium_subvault_bridge], aquarium_window_2, aquarium_window_double,
          aquarium_window_2, aquarium_view_2c, aquarium_view_2b,
          aquarium_balcony_3a
D:3:      layout_basic, grunt_temple_overflow_open, lemuel_crystal_altar

Skill      XL: |  1  2  3  4 |
---------------+-------------+-----
Fighting       | 2 |  2.1
Unarmed Combat | 3 |  3.5
Dodging        | 2 |  2.0
Stealth        | |  0.1
Shapeshifting  | |  3.8

Action                     |  1- 3 |  4- 6 || total
---------------------------+-------+-------++-------
  Melee: Unarmed           |    95 |    69 ||   164
         Punch             |     1 |     2 ||     3
   Stab: Sleeping          |     1 |     1 ||     2
 Armour: Animal skin       |    32 |    15 ||    47
  Dodge: Dodged            |    34 |    25 ||    59

Table legend: (Time is in decaauts)
 A = Elapsed time spent in this place.
 B = Non-inter-level travel time spent in this place.
 C = Inter-level travel time spent in this place.
 D = Time resting spent in this place.
 E = Time spent auto-exploring this place.
 F = Levels seen in this place.
 G = Mean time per level.
                   A        B        C        D        E       F      G
               +--------+--------+--------+--------+--------+-----+--------+
         Total |   1526 |   1480 |     46 |      0 |   1147 |   3 |  508.7 |
       Dungeon |   1526 |   1480 |     46 |      0 |   1147 |   3 |  508.7 |
               +--------+--------+--------+--------+--------+-----+--------+

Top non-repeatable levels by time:
     D:1: 770 daAuts
     D:2: 493 daAuts
     D:3: 262 daAuts
